 Dungeon Crawl Stone Soup version 0.31-a0-263-ge8cad7f256 (webtiles) character file.

Game seed: 10091904517568186813

443 qw the Shooter (level 6, -2/53 HPs)
             Began as a Minotaur Hexslinger on July 13, 2023.
             Slain by a gnoll
             ... wielding a +0 spear
             ... led by a gnoll sergeant
              (7 damage)
             ... on level 5 of the Dungeon.
             The game lasted 00:01:19 (3078 turns).

qw the Shooter (Minotaur Hexslinger)                Turns: 3078, Time: 00:01:20

Health: -2/53      AC:  9    Str: 12    XL:     6   Next: 71%
Magic:  6/6        EV: 11    Int: 10    God:
Gold:   167        SH:  0    Dex: 15    Spells: 6/7 levels left

rFire   + . .        Y - +1 sling
rCold   . . .        (no shield)
rNeg    . . .        g - +0 ring mail
rPois   .            m - +2 hat
rElec   .            (no cloak)
rCorr   .            b - +1 pair of gloves
SInv    .            (no boots)
Will    .....        d - amulet of regeneration
Stlth   +            f - ring of protection from fire
HPRegen 1.08/turn    (no ring)
MPRegen 0.10/turn

%: no passive effects
@: no status effects
A: horns 2, retaliatory headbutt
a: no special abilities


You were on level 5 of the Dungeon.
You visited 1 branch of the dungeon, and saw 5 of its levels.

You collected 167 gold pieces.


Innate Abilities, Weirdness & Mutations

You have a pair of horns on your head.
You reflexively headbutt those who attack you in melee.


   Skills:
 - Level 4.3 Fighting
 + Level 6.6 Ranged Weapons
 - Level 2.0 Armour
 - Level 2.1 Dodging
 - Level 1.0 Spellcasting
 - Level 2.0 Hexes


You had 6 spell levels left.
You knew the following spells:

 Your Spells              Type           Power      Damage    Failure   Level
a - Slow                  Hex            16%        N/A       32%         1

Your spell library contained the following spells:

 Spells                   Type           Power      Damage    Failure   Level
 Inner Flame              Hex/Fire       2%         N/A       83%         3
 Portal Projectile        Hex/Tloc       4%         N/A       83%         3
 Cause Fear               Hex            2%         N/A       97%         4

Inventory:

Hand Weapons
 Y - a +1 sling (weapon)
Armour
 b - a +1 pair of gloves (worn)
 g - a +0 ring mail (worn)
 m - a +2 hat (worn)
Jewellery
 d - an amulet of regeneration (around neck)
 f - a ring of protection from fire (left hand)
Scrolls
 a - 3 scrolls of identify
Potions
 h - 2 potions of resistance
 i - a potion of enlightenment

Dungeon Overview and Level Annotations

Branches:
Dungeon (5/15)
 Temple: D:4-7

Altars:
Qazlal
The Shining One

Shops:
D:4 (


Message History

The gnoll shouts!
The sling bullet hits the gnoll.
The gnoll is severely wounded.
You feel very sick.
The gnoll hits you from afar with a +0 halberd.
The gnoll sergeant closely misses you.
The scorpion stings you but does no damage.
You shoot a sling bullet.
The sling bullet barely misses the scorpion.
The sling bullet barely misses the gnoll.
You feel sick.
The scorpion stings you but does no damage.
The gnoll hits you from afar with a +0 halberd!
The gnoll sergeant barely misses you. The scorpion stings you.
The gnoll sergeant zaps a wand.
Your will is overpowered!
You are confused.
The gnoll hits you but does no damage.
3073 ||| DRINKING potion of curing.
You feel better.
3073 ||| (to cure confusion)
The scorpion stings you.
The gnoll hits you from afar with a +0 halberd!
The gnoll sergeant zaps a wand.
Your will is overpowered!
You are confused.
The scorpion stings you but does no damage.
The gnoll sergeant zaps a wand.
You resist with some effort.
The gnoll hits you from afar with a +0 halberd!
The scorpion stings you.
The gnoll sergeant zaps a wand.
You resist with some effort. The gnoll barely misses you.
The scorpion stings you but does no damage.
The gnoll misses you.
The gnoll sergeant hits you from afar with a +0 trident!
The scorpion stings you but does no damage.
The scorpion barely misses you.
The gnoll sergeant hits you but does no damage.
The gnoll barely misses you.
You feel less confused. The scorpion misses you.
The gnoll sergeant hits you from afar with a +0 trident.
The gnoll hits you from afar with a +0 spear!
You die...

.......# .... #####.>##
##.........
#...#####...........
.##...................
....................)...
###...###....##.......
##.## ##...###gggg #.
##...##.s# #. #...##@#
#. ##..#.## ##...# #..##
####


You could see a gnoll sergeant, a scorpion and 3 gnolls.

Vanquished Creatures
  An ice beast (D:3)
  A hound (D:4)
  4 orc priests
  An iguana (D:4)
  5 adders
  6 gnolls
  2 dart slugs (D:1)
  7 orcs
  9 ball pythons
  5 endoplasms
  3 giant cockroaches
  7 goblins
  2 hobgoblins (D:1)
  4 quokkas
  2 bats
  3 frilled lizards (D:1)
  8 kobolds
  5 rats
75 creatures vanquished.

Notes
Turn   | Place    | Note
-------+----------+-------------------------------------------
     0 | D:1      | qw the Minotaur Hexslinger began the quest for the Orb.
     0 | D:1      | Reached XP level 1. HP: 16/16 MP: 1/1
     0 | D:1      | 0 ||| qw: Version: 0.3-a-52-g30416fa
     0 | D:1      | 0 ||| qw: Game counter: 7413
     0 | D:1      | 0 ||| qw: Melee chars always use a shield: true
     0 | D:1      | 0 ||| qw: God list: Okawaru
     0 | D:1      | 0 ||| qw: Allow faded altars: false
     0 | D:1      | 0 ||| qw: Do Orc after clearing Dungeon:15 true
     0 | D:1      | 0 ||| qw: Do second Lair branch before Depths: true
     0 | D:1      | 0 ||| qw: Lair rune preference: random
     0 | D:1      | 0 ||| qw: Goals: Normal
     0 | D:1      | 0 ||| PLANNING D:1-11
   194 | D:1      | Reached skill level 3 in Ranged Weapons
   204 | D:1      | Reached XP level 2. HP: 23/23 MP: 2/2
   252 | D:1      | 252 ||| FLEEEEING.
   370 | D:1      | Reached XP level 3. HP: 29/29 MP: 3/3
   719 | D:1      | 719 ||| UPGRADING to +2 hat.
   724 | D:1      | 724 ||| UPGRADING to amulet of regeneration.
   729 | D:1      | 729 ||| UPGRADING to ring of protection from fire.
   730 | D:1      | 730 ||| READING 3 scrolls labelled MAIFAR MAGUCIO.
   731 | D:1      | 731 ||| READING scroll labelled BEDU MEUNAHAGA.
   732 | D:1      | 732 ||| READING scroll labelled QECOAPL CIEBEO.
   733 | D:1      | 733 ||| READING 2 scrolls of identify.
   733 | D:1      | 733 ||| IDENTIFYING amethyst potion
   734 | D:1      | 734 ||| DROPPING scroll of poison.
   735 | D:1      | 735 ||| DROPPING potion of berserk rage.
   769 | D:2      | Reached skill level 4 in Ranged Weapons
   879 | D:2      | Found a glowing golden altar of the Shining One.
  1086 | D:2      | Reached XP level 4. HP: 36/36 MP: 4/4
  1326 | D:2      | 1326 ||| UPGRADING to +0 leather armour.
  1336 | D:2      | 1336 ||| DROPPING +0 robe.
  1337 | D:2      | 1337 ||| UPGRADING to +0 ring mail.
  1347 | D:2      | 1347 ||| DROPPING +0 leather armour.
  1348 | D:2      | 1348 ||| READING 2 scrolls of identify.
  1348 | D:2      | 1348 ||| IDENTIFYING fuming inky potion
  1629 | D:3      | 1629 ||| Stepping ~*~*~tactically~*~*~ (outnumbered).
  1631 | D:3      | 1631 ||| Stepping ~*~*~tactically~*~*~ (outnumbered).
  1651 | D:3      | Reached skill level 5 in Ranged Weapons
  1653 | D:3      | Reached XP level 5. HP: 40/41 MP: 5/5
  1943 | D:3      | 1943 ||| READING scroll labelled DICAGG LIMA.
  1944 | D:3      | 1944 ||| DRINKING 2 sapphire potions.
  1945 | D:3      | 1945 ||| READING 4 scrolls of identify.
  1945 | D:3      | 1945 ||| IDENTIFYING emerald potion
  1946 | D:3      | 1946 ||| READING 3 scrolls of identify.
  1946 | D:3      | 1946 ||| IDENTIFYING murky clear potion
  1947 | D:3      | 1947 ||| READING 2 scrolls of identify.
  1947 | D:3      | 1947 ||| IDENTIFYING dark potion
  1948 | D:3      | 1948 ||| DROPPING potion of brilliance.
  1949 | D:3      | 1949 ||| DROPPING potion of degeneration.
  1950 | D:3      | 1950 ||| DROPPING potion of lignification.
  1969 | D:4      | Noticed an ice beast
  1979 | D:4      | 1979 ||| STAIRDANCE
  1983 | D:3      | Killed an ice beast
  2066 | D:4      | Found a stormy altar of Qazlal.
  2321 | D:4      | Reached XP level 6. HP: 49/53 MP: 6/6
  2490 | D:4      | Found Rogul's Weapon Shop.
  2681 | D:4      | HP: 11/53 [gnoll/+1 spear of venom (4)]
  2685 | D:4      | HP: 5/53 [poisoned by a gnoll]
  2690 | D:4      | HP: 4/53 [poisoned by a gnoll]
  2860 | D:4      | 2860 ||| UPGRADING to +0 pair of gloves.
  2865 | D:4      | 2865 ||| READING scroll of enchant armour.
  2865 | D:4      | 2865 ||| ENCHANTING +0 pair of gloves.
  2866 | D:4      | 2866 ||| READING scroll labelled FUILEOTW RAMN.
  2867 | D:4      | 2867 ||| DRINKING 2 fizzy cyan potions.
  2868 | D:4      | 2868 ||| READING 4 scrolls of identify.
  2868 | D:4      | 2868 ||| IDENTIFYING fuming sapphire potion
  2869 | D:4      | 2869 ||| DROPPING potion of attraction.
  2899 | D:5      | Entered Level 5 of the Dungeon
  2904 | D:5      | 2904 ||| STAIRDANCE
  2914 | D:5      | 2914 ||| STAIRDANCE
  2934 | D:4      | Reached skill level 6 in Ranged Weapons
  2961 | D:5      | 2961 ||| STAIRDANCE
  2989 | D:5      | 2989 ||| STAIRDANCE
  3006 | D:5      | 3006 ||| STAIRDANCE
  3073 | D:5      | 3073 ||| DRINKING potion of curing.
  3073 | D:5      | 3073 ||| (to cure confusion)
  3075 | D:5      | HP: 13/53 [scorpion (5)]
  3076 | D:5      | HP: 4/53 [gnoll sergeant/+0 trident (10)]
  3078 | D:5      | Slain by a gnoll

Levels and vault maps discovered:
D:1:      roderic_dead_forest, layout_basic
D:2:      layout_basic, basic_altar, st_stairs_3, chequers_mini_garden
D:3:      layout_basic
D:4:      minmay_spotlight, layout_layer_cave,
          mainiacjoe_overflow_cross_hatched, serial_shops,
          nicolae_take_the_stairs, hangedman_decor_opposing
D:5:      layout_layer_cave, fedhas_altar_decomposition,
          hangedman_decor_slide_cut, patterned_corridor, uniq_menkaure,
          uniq_blork_the_orc, uniq_eustachio

Skill      XL: |  1  2  3  4  5  6 |
---------------+-------------------+-----
Ranged Weapons | 3 4 5 6 |  6.6
Fighting       | 2 4 |  4.3
Armour         | 2 |  2.0
Dodging        | |  2.1
Spellcasting   | |  1.0
Hexes          | |  2.0

Action                     |  1- 3 |  4- 6 || total
---------------------------+-------+-------++-------
   Fire: Sling             |   108 |   191 ||   299
    Use: Scroll            |     4 |     8 ||    12
         Potion            |       |     3 ||     3
 Armour: Robe              |    12 |       ||    12
         Ring mail         |       |    51 ||    51
  Dodge: Dodged            |    27 |    89 ||   116

Table legend:
 A = Non-vault XP
 B = Vault XP
 C = Vault XP percentage of total XP
 D = Non-vault monster count
 E = Vault monster count
 F = Vault count percentage of total count
                 A         B        C        D         E       F
            +---------+---------+-------+---------+---------+-------
      Total |     601 |      33 |   5.2 |      69 |       6 |   8.0
            +---------+---------+-------+---------+---------+-------
        D:1 |      50 |       0 |   0.0 |      29 |       0 |   0.0
        D:2 |      20 |      29 |  59.2 |       5 |       4 |  44.4
        D:3 |     248 |       0 |   0.0 |      16 |       0 |   0.0
        D:4 |     249 |       4 |   1.6 |      15 |       2 |  11.8
        D:5 |      34 |       0 |   0.0 |       4 |       0 |   0.0
            +---------+---------+-------+---------+---------+-------
